 Dungeon Crawl Stone Soup version 0.28-a0-1638-g9123634 (webtiles) character file.

Game seed: 16606318600018368023

1506 Illumine the Spear-Bearer (level 8, 0/56 HPs)
             Began as a Merfolk Gladiator on Jan 25, 2022.
             Slain by a centaur warrior zombie (4 damage)
             ... on level 5 of the Dungeon.
             The game lasted 00:07:31 (4431 turns).

Illumine the Spear-Bearer (Merfolk Gladiator)       Turns: 4431, Time: 00:07:31

Health: 0/56       AC:  4    Str: 17    XL:     8   Next: 82%
Magic:  8/8        EV: 16    Int:  7    God:
Gold:   282        SH:  0    Dex: 15    Spells: 4/7 levels left

rFire   . . .      SeeInvis .   a - +0 trident
rCold   . . .      Faith    .   (no shield)
rNeg    . . .      Spirit   .   b - +0 leather armour
rPois   .          Reflect  .   k - +0 helmet
rElec   .          Harm     .   (no cloak)
rCorr   .          Rampage  .   (no gloves)
Will    .....                   (no boots)
Stlth   +.........              e - amulet of regeneration
HPRegen 0.98/turn               (no ring)
MPRegen 0.11/turn               (no ring)

@: about to teleport
A: (nimble swimmer 2), mertail
a: no special abilities


You were on level 5 of the Dungeon.
You visited 1 branch of the dungeon, and saw 5 of its levels.

You collected 282 gold pieces.

Inventory:

Hand Weapons
 a - a +0 trident (weapon)
Missiles
 f - 16 sling bullets
 q - 9 poisoned darts (quivered)
Armour
 b - a +0 leather armour (worn)
 c - a +0 helmet
 k - a +0 helmet (worn)
Jewellery
 e - an amulet of regeneration (around neck)
 r - a ring of magical power
Wands
 n - a wand of polymorph (8)
Scrolls
 m - a scroll of enchant weapon {unknown}
 s - a scroll of enchant armour {unknown}
Potions
 g - 2 potions of heal wounds {unknown}
 h - 3 potions of curing
 i - 2 potions of flight {unknown}
 j - 3 potions of brilliance {unknown}
 l - 3 potions of haste {unknown}
 o - a potion of lignification {unknown}
 p - a potion of attraction {unknown}


   Skills:
 - Level 2.1 Fighting
 * Level 13.1 Polearms
 - Level 2.0 Throwing
 + Level 9.0 Dodging


You had 4 spell levels left.
You knew the following spells:

 Your Spells              Type           Power      Damage    Failure   Level
a - Frozen Ramparts       Ice            0%         1d2       86%         3

Your spell library contained the following spells:

 Spells                   Type           Power      Damage    Failure   Level
 Freeze                   Ice            0%         1d3       50%         1
 Magic Dart               Conj           0%         1d3       50%         1
 Call Imp                 Summ           0%         N/A       65%         2
 Mephitic Cloud           Conj/Pois/Air  0%         N/A       86%         3
 Hailstorm                Conj/Ice       0%         3d3       99%         4


Dungeon Overview and Level Annotations

Branches:
Dungeon (5/15)
 Temple: D:4-7

Altars:
Elyvilon
Makhleb
Qazlal
Sif Muna
Vehumet

Shops:
D:3 (

Annotations:
D:3 1 runed translucent door, Crazy Yiuf


Innate Abilities, Weirdness & Mutations

((You are very nimble when in or above water. (Stealth+, EV+, Speed+++)))
Your lower body shifts to a powerful aquatic tail in water.


Message History

The centaur warrior zombie closely misses you.
You barely miss the centaur warrior zombie.
The centaur warrior zombie is severely damaged.
The centaur warrior zombie hits you!
* * * LOW HITPOINT WARNING * * *
The centaur warrior zombie kicks you.
* * * LOW HITPOINT WARNING * * *
You hit the centaur warrior zombie.
The centaur warrior zombie is severely damaged.
Unknown command.
Press < or > to pray at altars.
You hit the centaur warrior zombie but do no damage.
The centaur warrior zombie is severely damaged.
The centaur warrior zombie closely misses you.
The centaur warrior zombie kicks you.
* * * LOW HITPOINT WARNING * * *
Unknown command.
Press < or > to pray at altars.
You feel better.
The centaur warrior zombie barely misses you.
The centaur warrior zombie closely misses you.
The centaur warrior zombie hits you.
* * * LOW HITPOINT WARNING * * *
The centaur warrior zombie closely misses you.
Aiming: Polymorph
Press: ? - help, Shift-Dir - straight line, f/p - centaur warrior zombie
Aim: a centaur warrior zombie (severely damaged, not susceptible)
Okay, then.
Unknown command.
Press < or > to pray at altars.
Sorry, you're not good enough to have a special ability.
Unknown command.
Press < or > to pray at altars.
Unknown command.
Press < or > to pray at altars.
As you read the scroll labelled TACI ODOTZOW, it crumbles to dust.
You feel strangely unstable.
It was a scroll of teleportation.
The centaur warrior zombie closely misses you.
The centaur warrior zombie kicks you.
You die...

##.. ...
....##...##### .#.
.....##...#@Z.# ...
#.........###.#
...###.#........#..#
....#.......#...#.##
....#......# #....#
...........####..##
..........###...##
#(.........###.#####
............#..###.#


You could see a centaur warrior zombie.

Vanquished Creatures
  Pikel (D:3)
  Sigmund (D:2)
  A water moccasin (D:4)
  A black bear (D:5)
  An ogre (D:5)
  A centaur (D:4)
  3 lemures (D:3)
  A scorpion (D:4)
  A howler monkey (D:4)
  A bullfrog skeleton (D:3)
  2 hounds (D:4)
  2 jellies (D:4)
  Terence (D:2)
  A centaur skeleton (D:5)
  An iguana (D:3)
  Ijyb (D:3)
  A scorpion zombie (D:5)
  2 orc wizards
  Robin (D:2)
  A gnoll (D:4)
  2 adders (D:3)
  An adder skeleton (D:4)
  A worm (D:4)
  3 dart slugs
  5 orcs (D:4)
  An endoplasm (D:1)
  4 giant cockroaches
  14 goblins
  10 hobgoblins
  4 jackals (D:4)
  6 kobolds
  3 quokkas (D:3)
  10 ball pythons
  5 bats
  3 frilled lizards
  4 rats
101 creatures vanquished.

Vanquished Creatures (others)
  4 fungi (D:3)
4 creatures vanquished.

Grand Total: 105 creatures vanquished

Notes
Turn   | Place    | Note
-------+----------+-------------------------------------------
     0 | D:1      | Illumine the Merfolk Gladiator began the quest for the Orb.
     0 | D:1      | Reached XP level 1. HP: 16/16 MP: 1/1
    87 | D:1      | Found a faded altar of an unknown god.
   156 | D:1      | Reached XP level 2. HP: 21/22 MP: 2/2
   192 | D:1      | Reached skill level 5 in Polearms
  1001 | D:2      | Noticed Sigmund
  1017 | D:2      | Killed Sigmund
  1018 | D:2      | Reached skill level 7 in Polearms
  1018 | D:2      | Reached skill level 5 in Dodging
  1018 | D:2      | Reached XP level 3. HP: 15/27 MP: 3/3
  1018 | D:2      | Reached XP level 4. HP: 19/33 MP: 4/4
  1018 | D:2      | Reached XP level 5. HP: 21/38 MP: 5/5
  1343 | D:2      | Noticed Robin
  1356 | D:2      | Killed Robin
  1858 | D:2      | Learned a level 3 spell: Frozen Ramparts
  1862 | D:2      | Noticed Terence
  1874 | D:2      | Killed Terence
  1875 | D:2      | Reached skill level 8 in Polearms
  1875 | D:2      | Reached XP level 6. HP: 44/44 MP: 6/6
  2100 | D:3      | Found a stormy altar of Qazlal.
  2519 | D:3      | Found a runed translucent door.
  2520 | D:3      | Noticed Crazy Yiuf
  2570 | D:3      | Noticed Ijyb
  2581 | D:3      | Killed Ijyb
  2650 | D:3      | Found Toitisk's Antique Weapon Shop.
  2842 | D:3      | Found a shimmering blue altar of Sif Muna.
  3092 | D:3      | Reached skill level 9 in Polearms
  3321 | D:4      | Noticed Pikel
  3494 | D:4      | Reached XP level 7. HP: 50/50 MP: 7/7
  3740 | D:3      | Killed Pikel
  3741 | D:3      | Reached skill level 11 in Polearms
  3741 | D:3      | Reached XP level 8. HP: 13/56 MP: 8/8
  4131 | D:4      | Reached skill level 12 in Polearms
  4266 | D:5      | Entered Level 5 of the Dungeon
  4320 | D:5      | Found a radiant altar of Vehumet.
  4323 | D:5      | Identified the +0 robe of the Beggar {rF+}
  4347 | D:5      | Found a burning altar of Makhleb.
  4357 | D:5      | Identified the +7 whip of Excruciating Pain {antimagic,
                  | Will+ Str-5 Dex+2}
  4408 | D:5      | Found a white marble altar of Elyvilon.
  4421 | D:5      | Reached skill level 13 in Polearms
  4429 | D:5      | HP: 1/56 [centaur warrior zombie (4)]
  4431 | D:5      | Slain by a centaur warrior zombie

Illustrated notes

Levels and vault maps discovered:
D:1:      psy_arrival_spokes, layout_loops_corners,
          nicolae_ecumenical_lake_church
D:2:      layout_basic, uniq_sigmund, uniq_terence, uniq_robin
D:3:      layout_basic, amcnicky_altar_gilded, lemuel_tele_altar, serial_shops,
          shop_statue, uniq_crazy_yiuf_cottage, uniq_ijyb
D:4:      minmay_diamond_boxcup, layout_basic, minmay_bisected, uniq_pikel
D:5:      layout_cave_pools, fiery_altar_vehumet, bloody_makhleb,
          nemelex_diamond_rough_becter, kennysheep_mini,
          mainiacjoe_overflow_large_starburst, st_stairs_10

Skill      XL: |  1  2  3  4  5  6  7  8 |
---------------+-------------------------+-----
Polearms       | 7 8 9 11 13 | 13.1
Dodging        | 5 6 7 9 |  9.0
Fighting       | |  2.1
Throwing       | |  2.0

Action                   |  1- 3 |  4- 6 |  7- 9 || total
-------------------------+-------+-------+-------++-------
Melee: Trident           |    68 |   204 |   190 ||   462
       Punch             |       |     1 |     1 ||     2
Throw: Throwing net      |     1 |     2 |     1 ||     4
       Dart              |       |       |     1 ||     1
  Use: Potion            |       |       |     2 ||     2
       Scroll            |       |       |     1 ||     1
 Stab: Sleeping          |     2 |     3 |       ||     5
       Held in net/web   |     1 |     1 |     1 ||     3
Armor: Leather armour    |    12 |    31 |    36 ||    79
Dodge: Dodged            |    24 |   104 |   135 ||   263

Table legend: (Time is in decaauts)
 A = Elapsed time spent in this place.
 B = Non-inter-level travel time spent in this place.
 C = Inter-level travel time spent in this place.
 D = Time resting spent in this place.
 E = Time spent auto-exploring this place.
 F = Levels seen in this place.
 G = Mean time per level.
                   A        B        C        D        E       F      G
               +--------+--------+--------+--------+--------+-----+--------+
         Total |   4353 |   4256 |     97 |    610 |   2697 |   5 |  870.6 |
       Dungeon |   4353 |   4256 |     97 |    610 |   2697 |   5 |  870.6 |
               +--------+--------+--------+--------+--------+-----+--------+

Top non-repeatable levels by time:
     D:3: 1386 daAuts
     D:2: 1127 daAuts
     D:1: 958 daAuts
     D:4: 756 daAuts
     D:5: 124 daAuts
